 Dungeon Crawl Stone Soup version 0.29-a0-275-g389c0b56f3 (webtiles) character file.

Game seed: 12460094911856491159

30 jmlagarto the Skirmisher (level 3, -1/33 HPs)
             Began as a Hill Orc Abyssal Knight on Mar 10, 2022.
             Was a Believer of Lugonu.
             Slain by an adder (2 damage)
             ... on level 2 of the Dungeon.
             The game lasted 00:01:15 (1735 turns).

jmlagarto the Skirmisher (Hill Orc Abyssal Knight)  Turns: 1735, Time: 00:01:17

Health: -1/33      AC:  3    Str: 17    XL:     3   Next: 18%
Magic:  4/4        EV: 11    Int: 10    God:    Lugonu [**....]
Gold:   65         SH:  0    Dex: 11    Spells: 2/2 levels left

rFire   . . .      SeeInvis .   a - +1 hand axe
rCold   . . .      Faith    .   (no shield)
rNeg    . . .      Spirit   .   b - +0 leather armour
rPois   .          Reflect  .   (no helmet)
rElec   .          Harm     .   (no cloak)
rCorr   .          Rampage  .   (no gloves)
Will    .....                   (no boots)
Stlth   +.........              (no amulet)
HPRegen 0.11/turn               (no ring)
MPRegen 0.09/turn               (no ring)

@: no status effects
A: no striking features
a: Renounce Religion, Depart the Abyss, Bend Space


You were on level 2 of the Dungeon.
You worshipped Lugonu.
Lugonu was pleased with you.
You visited 1 branch of the dungeon, and saw 2 of its levels.
You visited the Abyss 1 time.

You collected 65 gold pieces.

Inventory:

Hand Weapons
 a - a +1 hand axe (weapon)
Armour
 b - a +0 leather armour (worn)
Potions
 c - a potion of might {unknown}
 d - 2 potions of curing {unknown}


   Skills:
 + Level 4.0 Fighting
 + Level 3.6 Axes
 + Level 2.7 Armour
 + Level 0.9 Dodging
 + Level 2.4 Invocations


You had 2 spell levels left.
You didn't know any spells.
Your spell library contained the following spells:

 Spells                   Type           Power      Damage    Failure   Level
 Conjure Flame            Conj/Fire      0%         6-21      80%         3
 Flame Wave               Conj/Fire      0%         2d4       99%         4
 Fire Storm               Conj/Fire      0%         5d1       100%        9


Dungeon Overview and Level Annotations

Branches:
Dungeon (2/15)

Altars:


Message History

You feel sick. The adder closely misses you.
You closely miss the adder.
The adder is moderately wounded.
You feel sick. The adder closely misses you. The adder bites you.
You barely miss the adder.
The adder is moderately wounded.
You feel sick. The adder closely misses you.
You closely miss the adder.
The adder is moderately wounded.
You feel sick. The adder bites you. The adder closely misses you.
You closely miss the adder.
The adder is moderately wounded.
You feel sick.
You are no longer poisoned.
The adder bites you.
You hit the adder.
The adder is severely wounded.
The adder bites you but does no damage. The adder bites you.
* * * LOW HITPOINT WARNING * * *
You are poisoned.
The adder poisons you!
You hit the adder.
The adder is almost dead.
* * * LOW HITPOINT WARNING * * *
You feel sick. The adder bites you but does no damage.
You hit the adder.
The adder is almost dead.
* * * LOW HITPOINT WARNING * * *
You feel sick. The adder barely misses you. The adder closely misses you.
You miss the adder.
The adder is almost dead.
* * * LOW HITPOINT WARNING * * *
You feel sick. The adder misses you.
You closely miss the adder. You punch the adder, but do no damage.
The adder is almost dead.
* * * LOW HITPOINT WARNING * * *
You feel sick.
You are no longer poisoned.
The adder bites you.
You die...

#######
#.....#
#.....#
#.....#
#@....#
#.....S.....#
#......#.####
.8..8###.≈
#8..8 ≈≈≈≈
.≈.. ≈≈≈≈≈≈
≈≈. ≈≈≈≈≈≈≈
≈≈. ≈≈≈≈≈≈##.


You could see an adder.

Vanquished Creatures
  2 adders (D:2)
  A giant cockroach (D:1)
  A hobgoblin (D:1)
  5 kobolds (D:1)
  2 quokkas (D:1)
  A frilled lizard (D:1)
  A rat (D:1)
13 creatures vanquished.

Notes
Turn   | Place    | Note
-------+----------+-------------------------------------------
     0 | Abyss:1  | jmlagarto the Hill Orc Abyssal Knight began the quest for
                  | the Orb.
     0 | Abyss:1  | Reached XP level 1. HP: 19/19 MP: 2/2
    26 | D:1      | Escaped the Abyss
   339 | D:1      | Got the Grimoire of the Volcanoes
   381 | D:1      | Reached XP level 2. HP: 21/27 MP: 3/3
  1479 | D:2      | Reached skill level 4 in Fighting
  1479 | D:2      | Reached XP level 3. HP: 6/33 MP: 4/4
  1735 | D:2      | HP: 1/33 [poisoned by an adder]
  1735 | D:2      | Slain by an adder

Illustrated notes

Levels and vault maps discovered:
D:1:      dpeg_arrival_central, layout_basic
D:2:      wander_river, layout_rooms, shapermc_ecumenical_altar_starsandcircs,
          minmay_tetromino_s4, uniq_jessica

Skill      XL: |  1  2 |
---------------+-------+-----
Axes           | 3 |  3.6
Fighting       | 4 |  4.0
Armour         | |  2.7
Dodging        | |  0.9
Invocations    | |  2.4

Action                   || total
-------------------------++-------
Melee: Hand axe          ||    78
       Punch             ||     2
Armor: Leather armour    ||    20
Dodge: Dodged            ||    42

Table legend: (Time is in decaauts)
 A = Elapsed time spent in this place.
 B = Non-inter-level travel time spent in this place.
 C = Inter-level travel time spent in this place.
 D = Time resting spent in this place.
 E = Time spent auto-exploring this place.
 F = Levels seen in this place.
 G = Mean time per level.
                   A        B        C        D        E       F      G
               +--------+--------+--------+--------+--------+-----+--------+
         Total |   1747 |   1704 |     43 |      0 |   1533 |   3 |  582.3 |
       Dungeon |   1721 |   1678 |     43 |      0 |   1515 |   2 |  860.5 |
         Abyss |     26 |     26 |      0 |      0 |     18 |   1 |   26.0 |
               +--------+--------+--------+--------+--------+-----+--------+

Top non-repeatable levels by time:
     D:1: 1590 daAuts
     D:2: 130 daAuts
 Abyss:1: 26 daAuts
